AoeStats
← Oldspice

Lombardia

508553905Analyzed
4v4 RM · 9d ago on Sep 23, 2026· 61m 35s· 8 players
Game mode
Random Map
Map size
Large (8 player)
Population
200
Speed
Normal
Resources
Standard
Victory
Conquest
Starting age
Dark Age
Ending age
Imperial Age
RankedLock teamsTeams togetherTeam positionsShared explorationLock speedFull tech treeHidden civsTurbo modeCheats
Victory
Defeat
🇺🇸 Varangians · United States
1621
+9
🇨🇦 Franks · Canada
1585
+10
🇺🇸 Jurchens · United States
1519
+13
🇳🇱 Tatars · Netherlands
1479
+14
1487
-13
🇺🇸 Hindustanis · United States
1444
-11
🇨🇦 Varangians · Canada
1441
-11
🇺🇸 Burmese · United States
1437
-11
GOAT Gobz
5:03 Loom
9:19 Feudal Age
10:04 Double-Bit Axe
11:15 Bloodlines
17:28 Forging
17:38 Scale Barding Armor
23:37 Castle Age
23:54 Scale Mail Armor
23:59 Light Cavalry
25:02 Chain Barding Armor
25:17 Iron Casting
26:40 Husbandry
34:52 Bow Saw
34:37 Horse Collar
35:44 Heavy Plow
37:25 Wheelbarrow
40:24 Hand Cart
42:07 Chain Mail Armor
41:43 Fletching
42:25 Bodkin Arrow
46:25 Imperial Age
45:23 Town Watch
46:14 Treadmill Crane
46:54 Ballistics
46:45 Masonry
46:58 Chain Mail Armor
47:03 Caravan
49:08 Plate Barding Armor
49:34 Blast Furnace
50:57 Elite Varangian Guard
53:04 Plate Mail Armor
52:59 Conscription
52:52 Squires
52:38 Arson
53:10 Gold Mining
53:12 Stone Mining
54:15 Hussar
56:20 Gambesons
58:04 Cavalier
58:08 Vendel Legacy
59:39 Guard Tower
59:51 Bracer
61:27 Chemistry
60:58 Architecture
Ice2207
6:21 Loom
8:54 Feudal Age
10:23 Double-Bit Axe
14:48 Horse Collar
15:58 Bloodlines
18:17 Wheelbarrow
22:02 Castle Age
21:48 Scale Barding Armor
23:25 Bow Saw
23:44 Chain Barding Armor
24:54 Husbandry
32:54 Forging
33:15 Heavy Plow
37:10 Stone Mining
39:09 Hand Cart
38:40 Town Watch
41:49 Imperial Age
41:03 Padded Archer Armor
41:05 Fletching
42:39 Shatagni
43:00 Conscription
42:57 Leather Archer Armor
43:21 Plate Barding Armor
44:32 Chemistry
43:02 Heavy Camel Rider
45:22 Grand Trunk Road
46:03 Ring Archer Armor
45:49 Gold Mining
46:54 Caravan
47:07 Fortified Wall
47:08 Masonry
50:39 Bodkin Arrow
50:45 Scale Mail Armor
51:21 Iron Casting
50:49 Murder Holes
52:39 Coinage
51:56 Imperial Camel Rider
54:00 Blast Furnace
53:01 Bracer
56:54 Siege Engineers
58:42 Light Cavalry
BobBobkins
12:04 Feudal Age
15:57 Castle Age
14:25 Horse Collar
21:58 Wheelbarrow
22:28 Heavy Plow
23:03 Scale Barding Armor
23:06 Gold Mining
23:52 Forging
24:10 Loom
24:48 Chain Barding Armor
25:36 Bloodlines
26:18 Gold Shaft Mining
25:46 Stone Mining
26:27 Husbandry
27:59 Hand Cart
31:43 Imperial Age
30:14 Iron Casting
31:46 Elite Battle Elephant
33:48 Plate Barding Armor
34:37 Blast Furnace
36:33 Conscription
36:21 Manipur Cavalry
36:32 Howdah
38:15 Fletching
38:23 Light Cavalry
39:19 Hussar
41:25 Bodkin Arrow
42:33 Chemistry
42:15 Coinage
43:09 Bracer
43:31 Ballistics
43:59 Siege Engineers
44:38 Masonry
44:26 Murder Holes
48:52 Architecture
48:26 Caravan
48:57 Banking
48:53 Fortified Wall
48:24 Treadmill Crane
49:17 Crop Rotation
48:36 Town Watch
52:03 Guilds
遥かに仰ぎ,麗しの
10:17 Feudal Age
14:08 Castle Age
12:10 Double-Bit Axe
12:26 Horse Collar
15:55 Bow Saw
23:55 Wheelbarrow
24:42 Loom
25:33 Scale Mail Armor
25:56 Heavy Plow
26:49 Squires
31:44 Imperial Age
29:17 Arson
29:27 Gold Mining
30:55 Chain Mail Armor
30:47 Town Watch
31:28 Forging
31:58 Onager
34:03 Plate Mail Armor
35:27 Chemistry
34:52 Conscription
34:19 Elite Varangian Guard
36:32 Siege Onager
38:26 Hand Cart
39:35 Siege Engineers
39:59 Pikeman
40:41 Halberdier
45:33 Iron Casting
46:47 Caravan
47:12 Town Patrol
jpresent
10:15 Feudal Age
15:45 Castle Age
13:52 Gold Mining
13:49 Double-Bit Axe
14:39 Fletching
14:39 Horse Collar
16:24 Bodkin Arrow
19:07 Loom
22:04 Ballistics
24:34 Bloodlines
24:49 Husbandry
27:16 Wheelbarrow
29:06 Gold Shaft Mining
29:25 Stone Mining
29:51 Hand Cart
29:21 Town Watch
29:41 Heavy Plow
32:14 Padded Archer Armor
35:01 Imperial Age
34:02 Silk Armor
35:53 Bracer
36:09 Leather Archer Armor
35:25 Heavy Cavalry Archer
37:08 Chemistry
37:38 Bow Saw
38:01 Ring Archer Armor
40:04 Town Patrol
42:43 Guilds
46:40 Masonry
47:16 Caravan
51:41 Crop Rotation
52:10 Light Cavalry
52:57 Scale Barding Armor
53:03 Forging
58:37 Chain Barding Armor
IVIUSTANG
5:14 Loom
9:28 Feudal Age
10:26 Double-Bit Axe
16:10 Forging
18:03 Scale Barding Armor
19:54 Wheelbarrow
23:40 Castle Age
22:41 Scale Mail Armor
23:47 Gold Mining
23:48 Stone Mining
24:47 Chain Mail Armor
25:25 Bow Saw
24:54 Light Cavalry
26:18 Hand Cart
26:34 Squires
31:40 Iron Casting
37:35 Gold Shaft Mining
42:36 Imperial Age
39:55 Town Watch
40:04 Arson
40:53 Fletching
41:50 Bodkin Arrow
42:43 Elite Throwing Axeman
44:28 Blast Furnace
44:00 Plate Mail Armor
44:19 Conscription
44:53 Pikeman
46:34 Caravan
47:24 Coinage
51:36 Hoardings
51:44 Halberdier
52:15 Treadmill Crane
52:46 Masonry
52:41 Siege Engineers
52:57 Ballistics
53:37 Chemistry
Oldspice
10:52 Feudal Age
9:40 Loom
15:19 Castle Age
13:47 Double-Bit Axe
16:17 Wheelbarrow
16:47 Bow Saw
22:49 Horse Collar
25:14 Gold Mining
25:14 Stone Mining
25:31 Heavy Plow
26:45 Hand Cart
31:19 Imperial Age
28:53 Scale Mail Armor
30:14 Gold Shaft Mining
29:54 Forging
30:23 Squires
30:09 Arson
30:59 Town Watch
31:49 Ballistics
31:38 Siege Engineers
32:04 Chain Mail Armor
32:25 Iron Casting
31:24 Heavy Rocket Cart
32:07 Elite Fire Lancer
34:22 Thunderclap Bombs
34:14 Pikeman
36:18 Halberdier
39:03 Blast Furnace
37:56 Fletching
39:52 Caravan
40:23 Coinage
40:00 Elite Iron Pagoda
41:26 Scale Barding Armor
41:16 Bodkin Arrow
41:40 Fortified Bastions
42:30 Banking
44:10 Chain Barding Armor
43:51 Bracer
46:07 Plate Barding Armor
48:23 Conscription
51:50 Chemistry
55:16 Two-Man Saw
ashleylynn
8:31 Loom
10:52 Feudal Age
11:56 Horse Collar
12:47 Double-Bit Axe
13:40 Town Watch
15:15 Bloodlines
19:14 Wheelbarrow
21:07 Forging
25:19 Castle Age
23:58 Scale Barding Armor
26:39 Iron Casting
25:36 Light Cavalry
26:17 Husbandry
26:39 Bow Saw
27:43 Chain Barding Armor
30:20 Heavy Plow
35:21 Hand Cart
35:32 Vendel Legacy
39:05 Imperial Age
37:10 Gold Mining
39:26 Stone Mining
39:16 Cavalier
40:51 Plate Barding Armor
40:55 Caravan
42:49 Blast Furnace
43:11 Conscription
45:41 Two-Man Saw
45:56 Fletching
47:01 Coinage
46:43 Guilds
48:47 Banking
48:24 Town Patrol
49:27 Scale Mail Armor
49:29 Squires
49:15 Arson
Connection lost

Rejoining the realm…

Still unreachable

The connection could not be restored.

Session expired

The server has moved on; the page needs a fresh start.